 Dungeon Crawl Stone Soup version 0.17.0-25-gefc9c12 (webtiles) character file.

271 Ohshi the Slinger (level 6, -7/39 HPs)
             Began as a Halfling Hunter on Nov 18, 2015.
             Mangled by an ogre
             ... wielding a +0 giant club
              (16 damage)
             ... on level 4 of the Dungeon.
             The game lasted 00:10:24 (3388 turns).

Ohshi the Slinger (Halfling Hunter)                 Turns: 3388, Time: 00:10:24

Health: -7/39      AC:  4    Str: 12    XL:     6   Next: 47%
Magic:  6/6        EV: 14    Int: 10    God:
Gold:   96         SH:  0    Dex: 17    Spells: 0 memorised, 5 levels left

rFire  + . .     SeeInvis .     r - +6 short sword (speed)
rCold  . . .     Clarity  .     q - +2 ring mail {rF+}
rNeg   . . .     SustAt   .     (shield restricted)
rPois  .         Gourm    .     (no helmet)
rElec  .         Spirit   .     (no cloak)
rCorr  .         Warding  .     (no gloves)
rMut   .         Stasis   .     (no boots)
MR     .....                    (no amulet)
Stlth  +.........               (no ring)
                                h - -3 ring of protection (curse)

@: not resistant to hostile enchantments, very unstealthy
A: mutation resistance 1
a: no special abilities


You were on level 4 of the Dungeon.
You were not hungry.

You visited 1 branch of the dungeon, and saw 4 of its levels.

You collected 96 gold pieces.

Inventory:

Hand Weapons
 a - a +1 hunting sling
 b - a +0 short sword
 r - a +6 short sword of speed (weapon)
Missiles
 d - 10 sling bullets
 k - 21 stones (quivered)
Armour
 c - a +0 leather armour
 q - a +2 ring mail of fire resistance (worn)
Jewellery
 h - a cursed -3 ring of protection (left hand)
Wands
 e - a wand of random effects (18)
Scrolls
 i - a scroll of fear {unknown}
 j - 4 scrolls of identify {unknown}
 l - a scroll of teleportation {unknown}
 m - a scroll of enchant armour {unknown}
 n - a scroll of fog {unknown}
 s - a scroll of noise {unknown}
 u - a scroll of magic mapping {unknown}
Potions
 f - a potion of degeneration {unknown}
 g - 4 potions of heal wounds {unknown}
 o - a potion of curing {unknown}
 p - a potion of cancellation {unknown}
Comestibles
 t - a bread ration


   Skills:
 + Level 1.8 Fighting
 + Level 9.4 Slings
 + Level 2.4 Armour
 + Level 2.9 Dodging
 + Level 1.1 Stealth


You had 5 spell levels left.
You didn't know any spells.

Dungeon Overview and Level Annotations

Branches:
Dungeon (4/15)
 Temple: D:4-7

Altars:
Sif Muna
Xom


Innate Abilities, Weirdness & Mutations

You are small and have problems with some larger weapons.
You are somewhat resistant to further mutation.


Message History

Press: ? - help, Shift-Dir - straight line, f - ogre
Aim: an ogre, wielding a giant club You shoot a stone.
The stone closely misses the ogre.
Wield which item (- for none, * to show all)? (? for menu, Esc to quit)
Your hands tingle!
r - a +6 short sword of speed (weapon)
You hit the ogre but do no damage. The ogre barely misses you.
You completely miss the ogre. The ogre closely misses you.
You barely miss the ogre. You puncture the ogre!
The ogre is moderately wounded.
The ogre hits you with a giant club!!
Ouch! That really hurt!
* * * LOW HITPOINT WARNING * * *
You completely miss the ogre.
The ogre is moderately wounded.
You puncture the ogre!
The ogre is heavily wounded.
The ogre hits you with a giant club!
You die...

## ..## .....
##################...#
.†..............@O..#
#######.....######.(#
#.###.# .# #.# #.# #
#.# #.# #.# #.# ...
... #.# #.# #.# #.#


You could see an ogre.

Vanquished Creatures
  An ice beast (D:3)
  Terence (D:2)
  Natasha (twice) (D:3)
  A gnoll (D:1)
  4 adders
  An ooze (D:1)
  4 giant geckos
  2 orcs (D:3)
  5 hobgoblins
  9 kobolds
  A quokka (D:3)
  2 ball pythons
  10 bats
  6 giant cockroaches
  8 giant newts
  8 goblins
  12 rats
77 creatures vanquished.

Notes
Turn   | Place    | Note
--------------------------------------------------------------
     0 | D:1      | Ohshi the Halfling Hunter began the quest for the Orb.
     0 | D:1      | Reached XP level 1. HP: 14/14 MP: 1/1
    55 | D:1      | Reached skill level 6 in Slings
    95 | D:1      | Reached XP level 2. HP: 19/19 MP: 2/2
   410 | D:1      | Reached XP level 3. HP: 24/24 MP: 3/3
   839 | D:1      | Reached skill level 7 in Slings
  1559 | D:2      | Reached skill level 1 in Armour
  1559 | D:2      | Reached XP level 4. HP: 25/29 MP: 4/4
  1563 | D:2      | Noticed Terence
  1578 | D:2      | Killed Terence
  2080 | D:2      | Reached XP level 5. HP: 29/34 MP: 5/5
  2199 | D:2      | Reached skill level 8 in Slings
  2277 | D:2      | Found a shimmering altar of Xom.
  2342 | D:2      | Found a deep blue altar of Sif Muna.
  2930 | D:3      | Noticed Natasha
  2937 | D:3      | Killed Natasha
  3111 | D:3      | Noticed Natasha
  3115 | D:3      | Killed Natasha
  3183 | D:3      | Noticed an ice beast
  3192 | D:3      | Killed an ice beast
  3192 | D:3      | Reached skill level 9 in Slings
  3192 | D:3      | Reached XP level 6. HP: 39/39 MP: 6/6
  3388 | D:4      | Mangled by an ogre

Action                   |  1- 3 |  4- 6 || total
-------------------------+-------+-------++-------
Melee: Short sword       |       |    16 ||    16
 Fire: Hunting sling     |    84 |   125 ||   209
  Eat: Bread ration      |       |     1 ||     1
       Beef jerky        |       |     2 ||     2
